[Event "Live Chess"]
[Site "Chess.com"]
[Date "2023.05.21"]
[Round "-"]
[White "raminguy"]
[Black "ChessClubLive"]
[Result "1-0"]
[WhiteElo "1945"]
[BlackElo "1761"]
[TimeControl "300"]
[EndTime "6:11:54 PDT"]
[Termination "raminguy won by resignation"]

1. d4 d5 2. Nc3 g6 3. Bf4 Bg7 4. Nb5 Na6 5. e3 c6 6. Nc3 Nf6 7. h4 h5 8. Nf3 Bg4 9. Qd2 Nc7 10. Ne5 Be6 11. Be2 Nd7 12. Nf3 Nf6 13. Ng5 Bf5 14. f3 Nd7 15. g4 Be6 16. O-O-O f6 17. Nxe6 Nxe6 18. Bg3 c5 19. Bd3 c4 20. Bxg6+ Kf8 21. Bxh5 b5 22. Nxd5 Nb6 23. Nxb6 Qxb6 24. d5 Nc5 25. d6 Rd8 26. dxe7+ Kxe7 27. Qb4 a5 28. Qe1 Nd3+ 29. cxd3 cxd3 30. Kb1 f5 31. Bf4 Qf6 32. Bg5 1-0

[Event "Live Chess"]
[Site "Chess.com"]
[Date "2023.05.21"]
[Round "-"]
[White "lateforthesky"]
[Black "LL220284LL"]
[Result "0-1"]
[WhiteElo "2127"]
[BlackElo "2275"]
[TimeControl "300"]
[EndTime "6:11:55 PDT"]
[Termination "LL220284LL won by resignation"]

1. e4 g6 2. d4 Bg7 3. Nc3 d6 4.
f4 e6 5. Nf3 Ne7 6. Bd3 O-O 7.
h4 h5 8. Be3 Nd7 9. Qd2 c5 10.
O-O-O a6 11. f5 exf5 12. exf5 Nf6 13. fxg6 fxg6 14. dxc5 Ng4 15. Bg5 Qe8 16. cxd6 Nf5 17. Rhe1 Qf7 18. Kb1 Be6 19. Bxf5 Bxf5 20. d7 Bxc3 21.
Qxc3 Bxd7 22. Ne5 Nxe5 23. Rxe5 Rac8 24. Qb3 Bf5 25. Qxf7+ Rxf7 26. Rd8+ Rxd8 27. Bxd8 Rd7 28. Re8+ Kf7 29. Re7+ Rxe7 30. Bxe7 Kxe7 31. Kc1 Kd6 32. Kd2 Ke5 33. c4 Kf4 34. Kc3 Kg3 35. Kd4 Kxh4 36. b4 Kg3 37. a4 Kxg2 38. b5 axb5 39. cxb5 Bg4 40. a5 Bf3 0-1

[Event "Live Chess"]
[Site "Chess.com"]
[Date "2023.05.21"]
[Round "-"]
[White "sanjesh_ananda"]
[Black "GEMdzq"]
[Result "0-1"]
[WhiteElo "1162"]
[BlackElo "2259"]
[TimeControl "300"]
[EndTime "6:12:27 PDT"]
[Termination "GEMdzq won on time"]

1. e4 d6 2. d4 Nf6 3. Nc3 g6 4. Bg5 h6 5. Bh4 Bg7 6. Nf3 O-O 7. Bc4 c5 8. O-O cxd4 9. Nxd4 Nc6 10. Nf3 Bg4 11.
h3 Bd7 12. Re1 Rc8 13. Bb3 Re8 14. Nd5 Nxd5 15. Qxd5 Be6 16. Qd2 Bxb3 17. axb3 a6 18. c3 Qb6 19. b4 a5 20. Bg3 axb4 21. cxb4 Nxb4 22. e5 dxe5 23. Nxe5 Nc2 24. Nd7 Qb5 25. Rac1 Nxe1 26. Rxc8 Rxc8 27. Qxe1 Qxd7 0-1

[Event "Live Chess"]
[Site "Chess.com"]
[Date "2023.05.21"]
[Round "-"]
[White "Nazar_777"]
[Black "smoggyrabbit"]
[Result "1/2-1/2"]
[WhiteElo "1570"]
[BlackElo "1648"]
[TimeControl "300"]
[EndTime "6:12:31 PDT"]
[Termination "Game drawn - timeout vs insufficient material"]

1. e3 e6 2. h4 f5 3. a3 Nf6 4. c4 b6 5. Nf3 Bb7 6. Nc3 Be7 7. Be2 d6 8. Qc2 O-O 9. b3 Ne4 10. Bb2 Nd7 11. Rc1 Ndf6 12. Ng5 Nxg5 13. hxg5 Ne4 14. Bf3 d5 15. cxd5 exd5 16. Nxe4 fxe4 17. Qc3 d4 18. Qc2 Bxg5 19. Bxe4 Bxe4 20. Qxe4 h6 21. Bxd4 Bf6 22. Qe6+ Kh8 23. Bxf6 Rxf6 24. Qe4 Qf8 25.
f4 Re8 26. Qb4 Qxb4 27. axb4 Rxf4 28. Rc4 Rxc4 29. bxc4 Re4 30. c5 Rxb4 31. cxb6 Rb1+ 32. Ke2 Rxh1 33. bxc7 Rc1 34. d4 Rxc7 35. Kd3 a5 36.
e4 a4 37. d5 a3 38. d6 Rc6 39. e5 a2 40. d7 a1=Q 41. d8=Q+ Kh7 42. Qd4 Qd1+ 43. Ke4 Qxd4+ 44. Kxd4 Rc1 45. e6 Kg6 46. g4 Kf6 47. Kd5 Re1 48. e7 Rxe7 49. Kd4 g6 50.
Kd3 h5 51. g5+ Kxg5 52. Kd4 h4 53. Kd5 h3 54. Kd6 h2 55. Kxe7 h1=Q 56. Kf7 Qe4 57.
Kg7 Qc6 58. Kf7 Qf6+ 59. Ke8 Kf5 60. Kd7 Qe6+ 61. Kc7 Qd6+ 62. Kxd6 g5 63. Kc5 1/2-1/2

[Event "Live Chess"]
[Site "Chess.com"]
[Date "2023.05.21"]
[Round "-"]
[White "Tushinskiy"]
[Black "SupremeTactician"]
[Result "1-0"]
[WhiteElo "2216"]
[BlackElo "2232"]
[TimeControl "300"]
[EndTime "6:12:34 PDT"]
[Termination "Tushinskiy won by resignation"]

1. d4 Nf6 2. c3 d5 3. Nf3 e6 4.
Bf4 c5 5. Bg3 Nc6 6. e3 cxd4 7.
exd4 Bd6 8. Bd3 O-O 9. Qe2 Re8 10. Ne5 Bxe5 11. dxe5 Nd7 12. O-O Qc7 13. Nd2 Ndxe5 14. Rfe1 f6 15. Bxh7+ Kf8 16. Bc2 Qf7 17. f4 Nd7 18.
Nf3 Nc5 19. Nh4 Ne7 20. f5 e5 21. Qf2 b6 22. b4 Nb7 23. Rad1 Nd6 24. Ng6+ Nxg6 25.
fxg6 Qe6 26. Rxe5 Qxe5 27. Bxe5 Rxe5 28. h3 Bd7 29. Qh4 Ke7 30. Qh7 Ne8 31. Bb3 Rc8 32. Bxd5 Rxc3 33. Bf7 1-0

[Event "Live Chess"]
[Site "Chess.com"]
[Date "2023.05.21"]
[Round "-"]
[White "grillage"]
[Black "Doge_Dandolo"]
[Result "1-0"]
[WhiteElo "1799"]
[BlackElo "1897"]
[TimeControl "300"]
[EndTime "6:12:36 PDT"]
[Termination "grillage won by resignation"]

1. d4 d5 2. Nf3 Nf6 3. c4 c6 4. Qc2 a6 5. Bf4 Bg4 6. Ne5 Bh5 7. e3 e6 8. Nc3 Nbd7 9. cxd5 Nxd5 10. Nxd5 cxd5 11.
Bd3 Rc8 12. Qa4 Bg6 13. Bxg6 hxg6 14. O-O Be7 15. Rac1 O-O 16. Qxd7 1-0

[Event "Live Chess"]
[Site "Chess.com"]
[Date "2023.05.21"]
[Round "-"]
[White "onemoretime1975"]
[Black "f4nomore"]
[Result "0-1"]
[WhiteElo "1864"]
[BlackElo "1392"]
[TimeControl "300"]
[EndTime "6:12:50 PDT"]
[Termination "f4nomore won by resignation"]

1. e4 g6 2. Nf3 Bg7 3. c3 d6 4. d4 Nf6 5. Bd3 O-O 6. e5 dxe5 7.
Nxe5 Nbd7 8. Nxd7 Bxd7 9. O-O Bc6 10. Nd2 Qd5 11. f3 e5 12. Bc4 Qd6 13. dxe5 Qxe5 14.
Re1 Qc5+ 15. Kh1 Nh5 16. Qb3 Qf2 17. Rf1 Qh4 18. g4 Ng3+ 19. Kg2 Nxf1 20. Nxf1 Qxg4+ 21.
Ng3 Qxf3+ 22. Kg1 Rae8 0-1

[Event "Live Chess"]
[Site "Chess.com"]
[Date "2023.05.21"]
[Round "-"]
[White "PantherCal"]
[Black "TheSmoulderingMaster"]
[Result "1-0"]
[WhiteElo "1798"]
[BlackElo "1641"]
[TimeControl "300"]
[EndTime "6:13:03 PDT"]
[Termination "PantherCal won by resignation"]

1. e4 c5 2. c3 d5 3. exd5 Qxd5 4.
d4 Nc6 5. Nf3 Bg4 6. Be2 cxd4 7.
cxd4 e6 8. Nc3 Bb4 9. O-O Qd8 10.
a3 Ba5 11. b4 Bb6 12. Be3 Nf6 13. h3 Bh5 14. Qd2 O-O 15. Rfd1 Rc8 16. Rac1 Ne7 17. g4 Bg6 18. Bd3 Nfd5 19. Bxg6 fxg6 20. Ng5 Nxe3 21. Qxe3 e5 22. Qxe5 Qd7 23. Qe6+ Qxe6 24. Nxe6 Rf3 25. Nc5 Rxh3 26. Kg2 Rh4 27. f3 g5 28. N3e4 Ng6 29. Nxg5 Re8 30. Re1 Rxe1 31. Rxe1 Bc7 32. Re8+ Nf8 33. Nce6 Rh2+ 34. Kg1 1-0

[Event "Live Chess"]
[Site "Chess.com"]
[Date "2023.05.21"]
[Round "-"]
[White "domrobson"]
[Black "hturner40"]
[Result "1-0"]
[WhiteElo "1760"]
[BlackElo "1770"]
[TimeControl "300"]
[EndTime "6:13:16 PDT"]
[Termination "domrobson won by resignation"]

1. d4 Nf6 2. c4 Nc6 3. Nc3 e5 4. dxe5 Nxe5 5. Bf4 Nxc4 6. e4 Bb4 7. Bxc4 Nxe4 8. Bd2 Bxc3 9. Bxc3 Nxc3 10. bxc3 O-O 11.
Ne2 c6 12. O-O d5 13. Bd3 Bg4 14. Qc2 Re8 15. Rfe1 g6 16. Nd4 Qb6 17. Rab1 Rxe1+ 18. Rxe1 Qc5 19. h3 Bd7 20. Nb3 Qd6 21. Re3 c5 22. Nd2 d4 23. cxd4 cxd4 24. Re1 Rc8 25. Qb1 Rc3 26.
Ne4 Qf4 27. Nxc3 dxc3 28. Qc2 1-0

[Event "Live Chess"]
[Site "Chess.com"]
[Date "2023.05.21"]
[Round "-"]
[White "ShanthamGrarks"]
[Black "CheckThis4"]
[Result "0-1"]
[WhiteElo "1963"]
[BlackElo "2521"]
[TimeControl "300"]
[EndTime "6:13:16 PDT"]
[Termination "CheckThis4 won by checkmate"]

1. d4 Nf6 2. Nc3 d5 3. e4 Nxe4 4. Nxe4 dxe4 5. Bc4 Nc6 6. c3 e5 7. d5 Ne7 8. f3 Ng6 9. fxe4 Qh4+ 10. Kf1 Qxe4 11.
Qb3 Bc5 12. Nf3 O-O 13. Bd2 Bh3 14. Re1 Qxf3# 0-1

[Event "Live Chess"]
[Site "Chess.com"]
[Date "2023.05.21"]
[Round "-"]
[White "nigelst"]
[Black "CrypticF1"]
[Result "1-0"]
[WhiteElo "1696"]
[BlackElo "489"]
[TimeControl "300"]
[EndTime "6:13:28 PDT"]
[Termination "nigelst won by checkmate"]

1. e4 c5 2. Nf3 d6 3. Bb5+ Nc6 4.
O-O Bg4 5. c3 Bxf3 6. Qxf3 Nf6 7. d4 e5 8. d5 g6 9. dxc6 bxc6 10. Bxc6+ Nd7 11. Bxa8 Qxa8 12. Be3 Be7 13. Na3 O-O 14.
Rad1 a5 15. Nb5 Nb6 16. Nxd6 Bxd6 17. Rxd6 Qb8 18. Bxc5 Nc4 19. Rfd1 Nxd6 20. Bxd6 Qxb2 21. Bxf8 Kxf8 22. h3 Qxa2 23. Qf6 a4 24. Rd8# 1-0

[Event "Live Chess"]
[Site "Chess.com"]
[Date "2023.05.21"]
[Round "-"]
[White "marcrob"]
[Black "Ian-Morley"]
[Result "1-0"]
[WhiteElo "1147"]
[BlackElo "1058"]
[TimeControl "300"]
[EndTime "6:13:30 PDT"]
[Termination "marcrob won by checkmate"]

1. e4 e5 2. Nf3 Nc6 3. Bc4 Nf6 4.
d3 d5 5. exd5 Na5 6. Nxe5 Nxc4 7. Nxc4 Qe7+ 8. Be3 Ng4 9. O-O Nxe3 10. fxe3 b5 11. Ncd2 Qxe3+ 12. Kh1 Qh6 13. Qe2+ Be7 14. Re1 Qf6 15. Ne4 Qxb2 16. Nf6+ gxf6 17. Qxe7# 1-0

[Event "Live Chess"]
[Site "Chess.com"]
[Date "2023.05.21"]
[Round "-"]
[White "Alfiedog12"]
[Black "DoYouLikeCurry"]
[Result "0-1"]
[WhiteElo "918"]
[BlackElo "1447"]
[TimeControl "300"]
[EndTime "6:13:36 PDT"]
[Termination "DoYouLikeCurry won by resignation"]

1. d4 d5 2. Bf4 Nf6 3. Nf3 c5 4.
c3 Nc6 5. Nbd2 Qb6 6. Qc2 e6 7. e3 cxd4 8. exd4 Bd7 9. Bd3 Rc8 10. Qb3 Qxb3 11. Nxb3 Be7 12. O-O-O O-O 13. h4 a5 14. a3 Ng4 15. Bg3 Ra8 16. Kb1 a4 17. Nc5 Bxc5 18. dxc5 Na5 19. Ne5 Nxe5 20. Bxe5 Rfc8 21. Bd6 Nb3 22.
g4 Nxc5 23. g5 Nxd3 24. Rxd3 Bb5 25. Rf3 d4 26. cxd4 Bc6 27. Rc3 Bxh1 28. Rxc8+ Rxc8 29. Be5 Bf3 30. g6 hxg6 31. Bg3 Be4+ 32. Ka1 Rc1+ 33.
Ka2 Bd5+ 34. b3 axb3+ 35. Kb2 Rc2+ 36. Kb1 Rd2 37. Kc1 Rxd4 38. Be5 Rxh4 39. a4 Rh1+ 40. Kb2 Rf1 41. f4 f6 42. Bc3 Rxf4 43. Bd2 Rxa4 0-1

[Event "Live Chess"]
[Site "Chess.com"]
[Date "2023.05.21"]
[Round "-"]
[White "davigator"]
[Black "Hussamalhaidar"]
[Result "1-0"]
[WhiteElo "2313"]
[BlackElo "1119"]
[TimeControl "300"]
[EndTime "6:13:38 PDT"]
[Termination "davigator won by checkmate"]

1. e4 b6 2. d4 Bb7 3. Nc3 e6 4. a3 d5 5. e5 c5 6. Nf3 Nc6 7.
Bf4 cxd4 8. Nxd4 Bc5 9. Bb5 Ne7 10. Nxc6 Bxc6 11. b4 Bxb4 12. axb4 d4 13. Bxc6+ Nxc6 14.
Ne4 O-O 15. b5 Nb4 16. Qd2 Nd5 17. O-O Rc8 18. Nd6 Nxf4 19. Qxf4 Rxc2 20. Rxa7 d3 21. Qe4 Rc3 22. Qd4 Rc7 23. Ra6 Rc5 24. f4 Rxb5 25. Nxb5 Qxd4+ 26. Nxd4 Rd8 27. Rd1 g6 28.
Nf3 h6 29. Rxb6 Kg7 30. Rd6 Ra8 31. R1xd3 Ra1+ 32. Rd1 Ra4 33. g3 h5 34. h4 Ra3 35.
Kf2 Ra2+ 36. R1d2 Ra1 37. Rd7 Ra3 38. Ng5 Kf8 39. Rxf7+ Kg8 40. Rb7 Ra4 41. Rd8# 1-0

[Event "Live Chess"]
[Site "Chess.com"]
[Date "2023.05.21"]
[Round "-"]
[White "Geomorph"]
[Black "mliszewski"]
[Result "0-1"]
[WhiteElo "1276"]
[BlackElo "1798"]
[TimeControl "300"]
[EndTime "6:13:46 PDT"]
[Termination "mliszewski won by resignation"]

1. e4 c6 2. d4 d5 3. Nc3 dxe4 4.
Nxe4 Nf6 5. Nxf6+ exf6 6. c3 Bd6 7. Bd3 O-O 8. Qc2 Re8+ 9. Ne2 h5 10. O-O h4 11. h3 Nd7 12. Nf4 Nf8 13. Qb3 Qc7 14.
Nh5 Ng6 15. Bxg6 Be6 16. Qc2 fxg6 17. Qxg6 Qf7 18. Qxf7+ Bxf7 19. Nf4 g5 20. Nd3 Bg6 21. Ne1 Re2 22. Nf3 Rae8 23. Be3 Rxb2 24. Rfb1 Bxb1 0-1

[Event "Live Chess"]
[Site "Chess.com"]
[Date "2023.05.21"]
[Round "-"]
[White "tpm07"]
[Black "jumush"]
[Result "1-0"]
[WhiteElo "1946"]
[BlackElo "1723"]
[TimeControl "300"]
[EndTime "6:13:47 PDT"]
[Termination "tpm07 won by resignation"]

1. e4 d5 2. Nc3 dxe4 3. Nxe4 Qd5 4. Nc3 Qa5 5. d4 Nf6 6. Bd2 Bg4 7. Be2 Bxe2 8.
Qxe2 Qb6 9. O-O-O Nc6 10. Be3 Qa5 11. d5 Nb4 12. Qc4 Na6 13. Nf3 h6 14. Ne5 Nd7 15. Nxd7 Kxd7 16. Qg4+ Ke8 17. Rhe1 Rd8 18. Kb1 Nc5 19.
Bd4 a6 20. Qe2 Rg8 21. Qe3 Nd7 22. Ne4 Qxd5 23. Bxg7 Qxd1+ 24. Rxd1 Rxg7 25. g3 Rg6 26.
f4 Re6 27. f5 Re5 28. Qf4 Bg7 29. f6 exf6 30. Nc3 Kf8 31. Qb4+ Kg8 32. Qxb7 Kh7 33. Qxc7 1-0

[Event "Live Chess"]
[Site "Chess.com"]
[Date "2023.05.21"]
[Round "-"]
[White "EdenHazard8"]
[Black "Ferrarifan27"]
[Result "1-0"]
[WhiteElo "1963"]
[BlackElo "2065"]
[TimeControl "300"]
[EndTime "6:13:54 PDT"]
[Termination "EdenHazard8 won by checkmate"]

1. e4 e5 2. Nf3 Nc6 3. Bc4 Bc5 4. O-O d6 5. h3 Nf6 6. d3 O-O 7. a3 h6 8. b4 Bb6 9. Be3 Bxe3 10.
fxe3 d5 11. exd5 Nxd5 12. Bxd5 Qxd5 13. Nc3 Qd6 14. Nb5 Qe7 15. Qe1 a6 16. Nc3 Be6 17. Qg3 f6 18. Nh4 Rfd8 19. Ne4 Kh7 20. Qg6+ Kh8 21. Nxf6 gxf6 22. Qxh6+ Kg8 23. Rxf6 Bf7 24. Nf5 Qf8 25. Qg5+ Kh7 26. Rh6+ Qxh6 27. Qxh6+ Kg8 28. Qg7# 1-0

[Event "Live Chess"]
[Site "Chess.com"]
[Date "2023.05.21"]
[Round "-"]
[White "SavagePawn7"]
[Black "LiamClery2020"]
[Result "0-1"]
[WhiteElo "789"]
[BlackElo "1966"]
[TimeControl "300"]
[EndTime "6:13:54 PDT"]
[Termination "LiamClery2020 won by checkmate"]

1. e4 Nf6 2. Nc3 e5 3. Nf3 Nc6 4. d4 exd4 5. Nxd4 Bb4 6. Nxc6 bxc6 7. Bd2 O-O 8. a3 Bxc3 9. Bxc3 Nxe4 10. Bd3 Nxc3 11. bxc3 Re8+ 12. Kf1 d5 13. Qh5 g6 14. Qf3 Be6 15. Re1 Qd7 16. g3 Bh3+ 17. Kg1 Rxe1+ 18. Bf1 Rxf1# 0-1

[Event "Live Chess"]
[Site "Chess.com"]
[Date "2023.05.21"]
[Round "-"]
[White "domrobson"]
[Black "PantherCal"]
[Result "0-1"]
[WhiteElo "1753"]
[BlackElo "1807"]
[TimeControl "300"]
[EndTime "6:13:57 PDT"]
[Termination "PantherCal won by resignation"]

1. d4 d5 2. c4 c6 3. Nf3 Nf6 4. Nc3 e6 5. Bg5 Be7 6. e3 Nbd7 7. Rc1 O-O 8. Bd3 dxc4 9. Bxc4 b5 10. Bd3 a6 11. O-O Bb7 12. Ne4 Rc8 13. Nc5 Nxc5 14. Rxc5 Bxc5 0-1

[Event "Live Chess"]
[Site "Chess.com"]
[Date "2023.05.21"]
[Round "-"]
[White "AyannaTang"]
[Black "LiamBellwood"]
[Result "0-1"]
[WhiteElo "230"]
[BlackElo "1914"]
[TimeControl "300"]
[EndTime "6:14:05 PDT"]
[Termination "LiamBellwood won by checkmate"]

1. e4 e6 2. d4 d5 3. Nc3 Nf6 4. f3 dxe4 5. fxe4 Bb4 6. Bg5 h6 7. Bxf6 Qxf6 8. a3 Bxc3+ 9. bxc3 O-O 10. Qd2 b6 11. O-O-O Bb7 12. d5 exd5 13. exd5 Nd7 14. d6 cxd6 15. Qxd6 Qxc3 16. Qxd7 Be4 17. Bd3 Qxa3+ 18.
Kd2 Rad8 19. Qxa7 Qxa7 20. Ke2 Bxd3+ 21. cxd3 Qa2+ 22. Ke1 Rfe8+ 23. Kf1 Re6 24. Nf3 Qe2+ 25. Kg1 Qxd1+ 26. Kf2 Qxh1 27. Ng1 Rxd3 28. Ne2 Rd2 29. g4 Rdxe2+ 30. Kg3 Qe1+ 31. Kf3 R2e4 32. h4 Qe2+ 33. Kg3 Rxg4+ 34. Kh3 Qg2# 0-1

[Event "Live Chess"]
[Site "Chess.com"]
[Date "2023.05.21"]
[Round "-"]
[White "viktorskliarov"]
[Black "YrrriKharkiv"]
[Result "1-0"]
[WhiteElo "2650"]
[BlackElo "2086"]
[TimeControl "300"]
[EndTime "6:14:15 PDT"]
[Termination "viktorskliarov won by resignation"]

1. e4 e6 2. d4 d5 3. e5 c5 4. c3 Qa5 5. dxc5 Qxc5 6. Nf3 Nc6 7. Be3 Qa5 8. Bd3 Qc7 9. Bf4 Nge7 10. Bg3 g6 11.
O-O Nf5 12. Bxf5 gxf5 13. Nbd2 Be7 14. c4 d4 15. Nb3 d3 16. Qxd3 Bd7 17. Rad1 Rd8 18. Qe3 h5 19. h3 b6 20. Rfe1 Nb8 21. Rc1 Na6 22. Nbd4 Bc5 23. Qg5 Bc6 24. Nb5 Qe7 25. Qg7 Qf8 26. Qxf8+ Kxf8 27. Nxa7 Bxf3 28. gxf3 Rd3 29. Red1 Rxd1+ 30. Rxd1 Kg7 31. Bh4 Ra8 32. Nb5 Nb4 33. a3 Nc6 34. Bf6+ Kh6 35. Kf1 f4 36.
Rd7 Kg6 37. Ke2 Ra4 38. b3 Ra8 39.
b4 Bf8 40. Rb7 Kf5 41. Rxb6 Nxe5 42. Bxe5 Kxe5 43. Rb7 Kf6 44. c5 e5 45. c6 Rc8 46. c7 Ke6 47. Na7 1-0

[Event "Live Chess"]
[Site "Chess.com"]
[Date "2023.05.21"]
[Round "-"]
[White "FailsGambits"]
[Black "slava_ukr"]
[Result "0-1"]
[WhiteElo "1330"]
[BlackElo "2323"]
[TimeControl "300"]
[EndTime "6:14:17 PDT"]
[Termination "slava_ukr won by resignation"]

1. e4 d5 2. exd5 Qxd5 3. Nc3 Qd6 4. d3 Nf6 5. g3 c6 6. Nf3 Bf5 7. Bg2 e6 8. Bf4 Qb4 9. Rb1 Nbd7 10. a3 Qb6 11. O-O Be7 12. Re1 O-O 13. Be3 Qc7 14. Bf4 Bd6 15. Be3 Nd5 16. Nd4 Nxe3 17. Rxe3 Bg6 18. Nf3 Nf6 19. Nh4 Nd5 20. Nxd5 cxd5 21. Nxg6 hxg6 22. Re2 Rac8 23. Qd2 b5 24. Rc1 Qb6 25.
Qg5 b4 26. axb4 Qxb4 27. c3 Qb6 28. Qe3 d4 29. cxd4 Rxc1+ 30. Qxc1 Qxd4 31. Qe3 Bc5 32. Qxd4 Bxd4 33. b4 Rb8 34. Re4 Rxb4 0-1

[Event "Live Chess"]
[Site "Chess.com"]
[Date "2023.05.21"]
[Round "-"]
[White "zdanevych"]
[Black "NomisY"]
[Result "1-0"]
[WhiteElo "1518"]
[BlackElo "1543"]
[TimeControl "300"]
[EndTime "6:14:19 PDT"]
[Termination "zdanevych won on time"]

1. d4 Nf6 2. c4 e6 3. Nc3 d5 4.
cxd5 exd5 5. Nf3 Be7 6. h3 c6 7. Bf4 O-O 8. e3 Bf5 9. Bd3 Bxd3 10. Qxd3 Nbd7 11. O-O Re8 12. Bg5 Ne4 13. Bf4 g5 14. Bh2 Bd6 15. Nd2 Bxh2+ 16. Kxh2 f5 17. Rac1 Ndf6 18.
f3 Nd6 19. Nb3 Qe7 20. Rfe1 Qg7 21. Nc5 g4 22. fxg4 fxg4 23. Qe2 g3+ 24. Kh1 Nfe4 25. N5xe4 Nxe4 26. Nxe4 Rxe4 27. Qf3 Rae8 28. Re2 Qg5 29. Rce1 Rf8 30. Rf1 Rxf3 31. Rxf3 Kg7 32. Re1 b6 33. Ref1 c5 34. Rf7+ Kg6 35. Rf8 cxd4 36. Rg8+ 1-0

[Event "Live Chess"]
[Site "Chess.com"]
[Date "2023.05.21"]
[Round "-"]
[White "Chesscoach_Golichenko"]
[Black "ViktorTheCoolBoy"]
[Result "1-0"]
[WhiteElo "2630"]
[BlackElo "2462"]
[TimeControl "300"]
[EndTime "6:14:29 PDT"]
[Termination "Chesscoach_Golichenko won by checkmate"]

1. d4 Nf6 2. c4 g6 3. Nc3 d5 4. cxd5 Nxd5 5. e4 Nxc3 6. bxc3 Bg7 7. Bc4 O-O 8. Ne2 Nc6 9. O-O b6 10. f4 Bb7 11. f5 Na5 12. Bd3 c5 13. Be3 Qd7 14.
e5 Qc6 15. Nf4 g5 16. d5 Qc7 17. f6 Qxe5 18. fxg7 Qxe3+ 19. Kh1 Kxg7 20. Qh5 gxf4 21.
Qxh7+ Kf6 22. Qf5+ Kg7 23. Qg5+ Kh8 24. Qh6+ Kg8 25.
Qh7# 1-0

[Event "Live Chess"]
[Site "Chess.com"]
[Date "2023.05.21"]
[Round "-"]
[White "GMHarry-youtube"]
[Black "LodeshChess"]
[Result "1-0"]
[WhiteElo "2025"]
[BlackElo "1175"]
[TimeControl "300"]
[EndTime "6:14:37 PDT"]
[Termination "GMHarry-youtube won by resignation"]

1. e4 c6 2. d4 d5 3. e5 Bf5 4. h4 h6 5. Bd3 Bxd3 6. Qxd3 e6 7.
Qb3 Qc7 8. c3 Ne7 9. Nf3 Nf5 10.
g4 Ne7 11. a4 Nc8 12. Na3 c5 13. Nb5 Qb6 14. a5 Qc6 15. g5 cxd4 16. cxd4 a6 17. Na3 b5 18. Bd2 Bxa3 19. bxa3 Qc4 20. Qb2 Qd3 21. Rh3 Qe4+ 22. Kf1 Ne7 23. Re1 Qd3+ 24.
Kg1 Nf5 25. g6 Nxh4 26. gxf7+ Kxf7 27. Ng5+ hxg5 28. Rxd3 Nf5 29. Rc1 Nd7 30. Rc7 Ke7 31. Bb4+ Kd8 32. Qc3 1-0

[Event "Live Chess"]
[Site "Chess.com"]
[Date "2023.05.21"]
[Round "-"]
[White "Hacker_2009"]
[Black "Tiltador"]
[Result "1-0"]
[WhiteElo "1934"]
[BlackElo "845"]
[TimeControl "300"]
[EndTime "6:14:51 PDT"]
[Termination "Hacker_2009 won by checkmate"]

1. d4 d5 2. Nf3 e6 3. e3 c6 4. c4 Bb4+ 5. Bd2 Bxd2+ 6. Qxd2 Nf6 7. Nc3 O-O 8. cxd5 Nxd5 9. Nxd5 cxd5 10. Bd3 Nc6 11. O-O g6 12. Rac1 Bd7 13. a3 a6 14.
Qc2 Qe7 15. Qb3 b5 16. Rc5 Na5 17. Qb4 Nc4 18. Bxc4 dxc4 19. Ne5 f6 20. Nxd7 Qxd7 21. b3 Rfb8 22. bxc4 bxc4 23. Qxc4 Re8 24. Rc1 Qb7 25. Rc7 Qb2 26. h3 Qxa3 27. Qc6 Qf8 28. Qd7 h5 29.
Qh7# 1-0

[Event "Live Chess"]
[Site "Chess.com"]
[Date "2023.05.21"]
[Round "-"]
[White "Man-Del-Brot"]
[Black "LanceMaster23"]
[Result "0-1"]
[WhiteElo "1024"]
[BlackElo "1948"]
[TimeControl "300"]
[EndTime "6:15:13 PDT"]
[Termination "LanceMaster23 won on time"]

1. d4 Nf6 2. Nf3 d5 3. Bf4 Bf5 4.
e3 e6 5. Bd3 Bg6 6. Ne5 c6 7.
Nxg6 hxg6 8. Nd2 Qb6 9. Qc1 Nbd7 10. O-O Be7 11. c4 O-O 12. c5 Qd8 13. Nf3 Re8 14. Bd6 Bxd6 15. cxd6 e5 16. dxe5 Nxe5 17. Nxe5 Rxe5 18.
f4 Re6 19. f5 gxf5 20. Bxf5 Re5 21. Qc3 Qxd6 22. Rad1 Qe7 23. Rde1 Re8 24. Rf3 Ne4 25.
Bxe4 Rxe4 26. Rg3 Qe5 27. Qxe5 R8xe5 28. Kf2 d4 29. b3 Rxe3 30. Rgxe3 Rxe3 31. Rxe3 dxe3+ 32. Kxe3 f6 33. g4 Kf7 34. Ke4 Ke6 35. h4 c5 36. a4 a6 37. g5 fxg5 38. hxg5 g6 39. Kf4 b5 0-1

[Event "Live Chess"]
[Site "Chess.com"]
[Date "2023.05.21"]
[Round "-"]
[White "Pablo_dmp"]
[Black "ClassyChameleon"]
[Result "1-0"]
[WhiteElo "1875"]
[BlackElo "1083"]
[TimeControl "300"]
[EndTime "6:15:22 PDT"]
[Termination "Pablo_dmp won by resignation"]

1. e4 e5 2. Nc3 Nf6 3. f4 exf4 4.
e5 Ng8 5. Nf3 Bc5 6. d4 Bb4 7.
Bxf4 Nc6 8. Bc4 h6 9. O-O Nge7 10. Ne4 d6 11. c3 dxe5 12. Nxe5 Nxe5 13. Bxe5 Bd6 14.
Nxd6+ cxd6 15. Bxf7+ Kd7 16. Qa4+ Nc6 17. d5 dxe5 18.
dxc6+ Kc7 19. cxb7 Bxb7 20. Rad1 Qe7 21. Qa5+ Kb8 22.
Bd5 Rd8 23. Bxb7 Rxd1 24. Rxd1 Kxb7 25. Qb5+ Kc7 26. Qc4+ Kb7 27. Qe4+ Kb8 28. Rd5 a6 29. Rxe5 Qd7 30. Re8+ Kc7 31. Rxa8 Qd1+ 32. Kf2 Qd2+ 33. Kg3 Qxb2 34. Qe7+ Kc6 35. Rc8+ Kd5 36. c4+ Kd4 37. Qxg7+ 1-0

[Event "Live Chess"]
[Site "Chess.com"]
[Date "2023.05.21"]
[Round "-"]
[White "stevochess11"]
[Black "manthanit"]
[Result "1-0"]
[WhiteElo "1703"]
[BlackElo "1085"]
[TimeControl "300"]
[EndTime "6:15:44 PDT"]
[Termination "stevochess11 won on time"]

1. e4 e6 2. Nf3 g6 3. d4 Bg7 4.
Nc3 Ne7 5. Be3 O-O 6. Qd2 d5 7. Bd3 dxe4 8. Nxe4 Nd7 9. O-O Nf5 10. Bg5 f6 11.
Bh4 Nxh4 12. Nxh4 b6 13. Bc4 Nb8 14. Rfe1 Kh8 15. c3 Bb7 16. Bxe6 Re8 17. d5 c6 18. c4 cxd5 19. cxd5 Na6 20. Nf3 Nc7 21. Nd4 Bxd5 22. Bxd5 Qxd5 23. Rac1 Rac8 24. Qf4 h5 25. Nc6 Ne6 26. Qg3 Ng5 27. Nxg5 Bh6 28. h4 fxg5 29. hxg5 Bxg5 30. Rxe8+ Rxe8 31. Nb4 Qf5 32. f4 Bxf4 33. Qc3+ Kh7 34. Rd1 Kh6 35. Nd5 Bg5 36. Rf1 Qxd5 37. Qc7 Be3+ 38. Kh1 Bg5 39. Qxa7 Re6 40. Qa8 Qxa8 41.
Rg1 Qxa2 42. Rf1 Qxb2 43. Rg1 Qd4 44. Rf1 b5 45. Rg1 b4 46. Rf1 1-0

[Event "Live Chess"]
[Site "Chess.com"]
[Date "2023.05.21"]
[Round "-"]
[White "Duke_of_Bebington"]
[Black "MartinWalker4"]
[Result "0-1"]
[WhiteElo "1573"]
[BlackElo "2047"]
[TimeControl "300"]
[EndTime "6:15:52 PDT"]
[Termination "MartinWalker4 won by resignation"]

1. e4 e5 2. Nf3 Nc6 3. Bc4 Bc5 4. b4 Bxb4 5. c3 Ba5 6. d4 exd4 7. O-O d6 8. cxd4 Nf6 9. Bg5 O-O 10. Qb3 Bb6 11. e5 dxe5 12. dxe5 Na5 13. Qc2 Nxc4 14. Qxc4 Qd5 15. Nbd2 Qxc4 16. Nxc4 Ne4 17. Bf4 Be6 18. Rac1 Nc5 19. Nd4 Nd3 20. Nxe6 fxe6 21. Nxb6 cxb6 22. Be3 Nxc1 23. Rxc1 Rac8 24. Rd1 Rfd8 25. Re1 Rc2 26. a3 Rd3 27. f4 g6 28. g4 Rxa3 29. f5 gxf5 30. gxf5 Kf7 31. f6 Raa2 32. Bf4 Rg2+ 33.
Kh1 Rgf2 34. Bg3 Rfd2 35. Rc1 Rac2 36. Re1 a5 37. Rf1 a4 38. Kg1 a3 39. Bf2 Rxf2 40.
Rxf2 Rxf2 41. Kxf2 a2 0-1

[Event "Live Chess"]
[Site "Chess.com"]
[Date "2023.05.21"]
[Round "-"]
[White "Conradical12"]
[Black "AlanPaling"]
[Result "1-0"]
[WhiteElo "1587"]
[BlackElo "1377"]
[TimeControl "300"]
[EndTime "6:16:00 PDT"]
[Termination "Conradical12 won by resignation"]

1. e4 Nf6 2. Nc3 d5 3. e5 Ne4 4. Nxe4 dxe4 5. Qe2 Qd5 6. d3 exd3 7. cxd3 Bf5 8. Nf3 e6 9. Bf4 Nc6 10. O-O-O O-O-O 11. d4 Qxa2 12. Qb5 Qa1+ 13. Kd2 Qa5+ 14. Qxa5 Nxa5 15.
Ke3 Nc4+ 16. Bxc4 a6 17. Rc1 Be7 18. Ng5 Bg6 19. h4 h6 20. Nf3 Kb8 21. Rc3 Bb4 22. Rb3 a5 23. Nd2 Be4 24. Nxe4 1-0